Unix NetHack Version 5.0.0-0 post-release - last build May 10 2026 23:12:36 (d1fa5d53e341ca933230fdaa984d921c805b60aa,branch:main).

Game began 2026-05-13 03:31:18, ended 2026-05-17 02:05:31.

Eldrich, lawful male human Archeologist

                       ---------------
                      #...>..........|
  ------              #|.............|###########
  |{...|              #|.............|#        -|.------
  |....|              #-.-----.----.-.#        |.......-     ###
  |.<..-#            ##################      ##........|       #
  -.----#              #     ##.######       # |.......-##     #
        #              #   ###...############# --------- ########
        #####          #   #........##   ##                    ##
            ##         ## ##......{##)###########              ###
             #          # #...{.....###         ##########      ##
             ## --------# #.....^....###               --|----  ##    -----
              ##|.......# #.........# ###              |>...{|  ####  |...|
               #|......|  ##.......## #-.---           |.....|    # # |...|
               #-......|   #.......#  #|...|     ######-.....|    ####-d@.|
                |......|   ###...###  #|....######     -------        |...|
                |......|     #####    #....|                          -----
                |......|               |...|
                -----|--               -----

Eldrich the Field Worker   St:11 Dx:9 Co:15 In:17 Wi:16 Ch:9  Lawful
Dlvl:2  $:46 HP:24(24) Pw:12(12) AC:10 Xp:3 T:777  Hungry  

Latest messages:
 There is an open door here.  You see here a looking glass.
 The little dog picks up a looking glass.
 You hear the chime of a cash register.
 You are beginning to feel hungry.
 You hear the chime of a cash register.
 You don't have anything to eat.
 You swap places with your little dog.
 You miss the wood nymph.  The wood nymph tries to rob you, but isn't interested in gold.  The wood nymph vanishes!
 You swap places with your little dog.
 You miss the wood nymph.  The wood nymph tries to rob you, but isn't interested in gold.  The wood nymph vanishes!
 Are you waiting to get hit?  Use 'm' prefix to force a no-op (to rest).
 Double m prefix, canceled.
 Are you waiting to get hit?  Use 'm' prefix to force a no-op (to rest).
 Double m prefix, canceled.
 Are you waiting to get hit?  Use 'm' prefix to force a no-op (to rest).
 The little dog misses the wood nymph.  The little dog misses the wood nymph.
 The little dog bites the wood nymph.  The wood nymph pretends to be friendly to the little dog.  The wood nymph smiles at the little dog seductively.
 The wood nymph tries to rob you, but isn't interested in gold.  The wood nymph vanishes!
 Really save? [yn] (n) y
 Saving...
 Restoring save file...
 Hello Eldrich, the human Archeologist, welcome back to NetHack!
 Be careful!  New moon tonight.
 What do you want to ready? [$ or ?*] <space>
 Never mind.
 Really quit without saving? [yn] (n) y
 Do you want your possessions identified? [ynq] (y) y
 Do you want to see your attributes? [ynq] (y) n
 Do you want an account of creatures vanquished? [ynaq] (y) n
 Do you want to see your conduct and achievements? [ynq] (y) n
 Do you want to see the dungeon overview? [ynq] (y) n

Inventory:
 Coins    ('$')
  $ - 46 gold pieces

Eldrich the Archeologist's attributes:

Background:
 You were a Field Worker, a level 3 male human Archeologist.
 You were lawful, on a mission for Quetzalcoatl
 who was opposed by Camaxtli (neutral) and Huhetotl (chaotic).
 You were right-handed.
 You were in the Dungeons of Doom, on level 2.
 You entered the dungeon 777 turns ago.
 It was nighttime.
 There was a new moon in effect when your adventure ended.
 You had 45 experience points, 35 more were needed to attain level 4.

Basics:
 You had all 24 hit points.
 You had all 12 energy points (spell power).
 Your armor class was 10.
 Your wallet contained 46 zorkmids.
 Autopickup was off.

Final Characteristics:
 Your strength was 11 (limit:18/100).
 Your dexterity was 9 (limit:18).
 Your constitution was 15 (limit:18).
 Your intelligence was 17 (limit:18).
 Your wisdom was 16 (limit:18).
 Your charisma was 9 (limit:18).

Final Status:
 You were hungry.
 You were unencumbered.
 You were bare handed.
 You were unskilled in bare handed combat.
 You weren't wearing any armor.

Final Attributes:
 You were fervently aligned.
 You had automatic searching.
 You survived.

Miscellaneous:
 You didn't encounter any bones levels.
 Total elapsed playing time was 12 minutes and 32 seconds.

Major events:
 Turn
    1: Eldrich the lawful male human Archeologist entered the dungeon
  506: attained the rank of Field Worker (level 3)
  777: quit

You didn't know any spells.

Skills:
 Fighting Skills
   bare handed combat [Unskilled]
   two weapon combat  [Unskilled]
   riding             [Unskilled]
 Weapon Skills
   dagger             [Unskilled]
   knife              [Unskilled]
   pick-axe           [Basic]
   short sword        [Unskilled]
   saber              [Unskilled]
   club               [Unskilled]
   quarterstaff       [Unskilled]
   sling              [Unskilled]
   dart               [Unskilled]
   boomerang          [Unskilled]
   whip               [Basic]
   unicorn horn       [Unskilled]
 Spellcasting Skills
   attack spells      [Unskilled]
   healing spells     [Unskilled]
   divination spells  [Unskilled]
   matter spells      [Unskilled]

Voluntary challenges:
 Character rerolling was not enabled.
 You were an atheist.
 You never genocided any monsters.
 You never polymorphed an object.
 You never changed form.
 You used no wishes.
Achievement:
 You attained the rank of Field Worker.

 The Dungeons of Doom: levels 1 to 3
    Level 1:
    Level 2: <- You were here.
       Many fountains, many trees.
    Level 3:


Vanquished creatures:
  a wood nymph
 an acid blob
  a yellow mold
  a jackal
  4 foxes
  a goblin
  2 sewer rats
  a grid bug
  a lichen
  3 newts
16 creatures vanquished.

No species were genocided or became extinct.

Goodbye Eldrich the Archeologist...

You quit in The Dungeons of Doom on dungeon level 2 with 326 points,
and 46 pieces of gold, after 777 moves.
You were level 3 with a maximum of 24 hit points when you quit.

